 Dungeon Crawl Stone Soup version 0.31-a0-102-g33a4ccc0cb (webtiles) character file.

Game seed: 14772889468934635913

35 Esekla the Sneak (level 3, -1/26 HPs)
             Began as an Octopode Delver on May 26, 2023.
             Slain by a phantom (4 damage)
             ... on level 5 of the Dungeon.
             The game lasted 00:02:48 (225 turns).

Esekla the Sneak (Octopode Delver)                   Turns: 225, Time: 00:02:49

Health: -1/26      AC:  1    Str: 11    XL:     3   Next: 35%
Magic:  4/4        EV: 13    Int: 14    God:
Gold:   19         SH:  0    Dex: 13    Spells: 3/3 levels left

rFire   . . .        a - +0 falchion
rCold   . . .        (no shield)
rNeg    . . .        (helmet restricted)
rPois   .            (no amulet)
rElec   .            (no ring)
rCorr   .            (no ring)
SInv    .            (no ring)
Will    .....        (no ring)
Stlth   ++++         (no ring)
HPRegen 0.24/turn    (no ring)
MPRegen 0.09/turn    (no ring)
                     (no ring)

%: no passive effects
@: no status effects
A: almost no armour, amphibious, 8 rings, camouflage 1, gelatinous body 1,
(nimble swimmer 1), tentacles
a: no special abilities


You were on level 5 of the Dungeon.
You visited 2 branches of the dungeon, and saw 2 of its levels.

You collected 19 gold pieces.

Inventory:

Hand Weapons
 a - a +0 falchion (weapon)
Wands
 f - a wand of digging (3)
Scrolls
 b - a scroll of fog
 c - a scroll of identify {unknown}
 d - a scroll of fear


   Skills:
 * Level 3.2 Fighting
 * Level 2.2 Long Blades
 * Level 2.2 Dodging
 + Level 7.2 Stealth
 * Level 0.7 Spellcasting


You had 3 spell levels left.
You didn't know any spells.
Your spell library was empty.

Dungeon Overview and Level Annotations

Branches:
Dungeon (5/15)             Temple (1/1) D:5

Altars:
Ashenzari
Cheibriados
Dithmenos
Hepliaklqana
Kikubaaqudgha
Makhleb
Nemelex Xobeh
Qazlal
Ru
Trog
Uskayaw
Wu Jian
Zin
The Shining One

Shops:
D:5 ?


Innate Abilities, Weirdness & Mutations

You cannot wear most types of armour.
You are amphibious.
You can wear up to eight rings at the same time.
Your skin changes colour to match your surroundings (Stealth+).
Your rubbery body absorbs attacks. (AC +1, EV +1)
((You are camouflaged when in or above water. (Stealth+)))
You have tentacles for arms and can constrict up to eight enemies at once.


Message History

You miss the phantom.
The phantom is lightly damaged.
The phantom hits you.
The phantom blinks!
You blink.
Found a stone staircase leading down.
You closely miss the phantom.
The phantom is lightly damaged.
The phantom hits you but does no damage.
You hit the phantom.
The phantom is moderately damaged.
The phantom completely misses you. The phantom hits you.
* * * LOW HITPOINT WARNING * * *
It was a potion of curing.
You feel better. The phantom hits you!
* * * LOW HITPOINT WARNING * * *
You hit the phantom but do no damage.
The phantom is moderately damaged.
The phantom hits you.
* * * LOW HITPOINT WARNING * * *
The phantom blinks!
You blink.
Okay, then.
You slash the phantom! Your squeeze misses the phantom.
The phantom is heavily damaged.
The phantom hits you.
* * * LOW HITPOINT WARNING * * *
The phantom blinks!
You blink.
Found 2 potions of curing.
You aren't carrying any potions.
Unknown command.
The phantom attacks as you move away! The phantom barely misses you.
You see here a potion of curing.
You feel better. The phantom barely misses you.
You hit the phantom.
The phantom is heavily damaged.
The phantom misses you.
You closely miss the phantom. You squeeze the phantom.
The phantom is severely damaged.
The phantom hits you!
* * * LOW HITPOINT WARNING * * *
You barely miss the phantom.
The phantom is heavily damaged.
The phantom hits you.
You die...

*,,,.........##..............####
*,,,......$..##..≈§≈≈≈≈≈≈≈§≈.....
*,,,.........##....../...§.≈.####
**,,......#...#..§§≈≈≈≈§≈§§§.# #
**,.O......#...§≈§§§§§..≈†≈.###
**#####.###..#§§§§≈≈≈≈.≈.≈...#
***#.**#....≈.≈?.§≈.≈§§.#.##
*,,.,,,#.#..≈.§.≈§§.§§≈.#..#
*,..,,,#.#W@≈.≈h≈≈§§§.§....#
*..,,,,#....≈§§5..$.≈.≈.##..
*....!.<....≈.§≈≈≈≈§≈.§.#**.
*......###..§.§....§..≈.# *,
*######*#...§≈≈≈§≈≈§≈≈≈§#***
*........§.§.........
*.>.............#####
#.......!.......# *
*.........§.....#


You could see a phantom, a hound and an ufetubus.

Vanquished Creatures
  A hound (D:5)
  A dart slug (D:5)
  An orc (D:5)
  A quokka (D:5)
4 creatures vanquished.

Notes
Turn   | Place    | Note
-------+----------+-------------------------------------------
     0 | D:5      | Esekla the Octopode Delver began the quest for the Orb.
     0 | D:5      | Reached XP level 1. HP: 16/16 MP: 1/1
    18 | D:5      | Found Madis's Magic Scroll Boutique.
    32 | D:5      | Noticed an ice beast
    81 | D:5      | Found a staircase to the Ecumenical Temple.
    84 | D:5      | Noticed a phantom
    90 | Temple   | Entered the Ecumenical Temple
   143 | D:5      | Noticed an ogre
   148 | D:5      | Noticed a hound
   171 | D:5      | Killed a hound
   172 | D:5      | Reached skill level 7 in Stealth
   172 | D:5      | Reached XP level 2. HP: 4/21 MP: 1/3
   172 | D:5      | Reached XP level 3. HP: 5/26 MP: 1/4
   225 | D:5      | Slain by a phantom

Illustrated notes

Levels and vault maps discovered:
D:5:      layout_rooms, minmay_temple_entry_butterflies,
          gammafunk_ghost_cemetery, nicolae_inconvenience_store
Temple:   eino_temple_lava

Skill      XL: |  1 |
---------------+----+-----
Stealth        | 7 |  7.2
Fighting       | |  3.2
Long Blades    | |  2.2
Dodging        | |  2.2
Spellcasting   | |  0.7

Action                     || total
---------------------------++-------
  Melee: Falchion          ||    21
         Tentacles         ||     6
         Constrict         ||     3
    Use: Potion            ||     3
         Scroll            ||     1
 Armour: Skin              ||     2
  Dodge: Dodged            ||    17

Table legend: (Time is in decaauts)
 A = Elapsed time spent in this place.
 B = Non-inter-level travel time spent in this place.
 C = Inter-level travel time spent in this place.
 D = Time resting spent in this place.
 E = Time spent auto-exploring this place.
 F = Levels seen in this place.
 G = Mean time per level.
                   A        B        C        D        E       F      G
               +--------+--------+--------+--------+--------+-----+--------+
         Total |    215 |    209 |      6 |     41 |      0 |   2 |  107.5 |
       Dungeon |    184 |    184 |      0 |     41 |      0 |   1 |  184.0 |
        Temple |     30 |     24 |      6 |      0 |      0 |   1 |   30.0 |
               +--------+--------+--------+--------+--------+-----+--------+

Top non-repeatable levels by time:
     D:5: 184 daAuts
  Temple: 30 daAuts
